 Dungeon Crawl Stone Soup version 0.32-a0-995-gb4a59205af (webtiles) character file.

Game seed: 14971106967280219166

17 ezpacito the Chopper (level 2, -6/24 HPs)
             Began as a Coglin Chaos Knight on Apr 22, 2024.
             Was a Plaything of Xom.
             Killed from afar by a white imp (10 damage)
             ... with a puff of frost
             ... summoned by Xom
             ... on level 1 of the Dungeon.
             The game lasted 00:00:15 (151 turns).

ezpacito the Chopper (Coglin Chaos Knight)           Turns: 151, Time: 00:00:16

Health: -6/24      AC:  5    Str: 12      XL:     2   Next: 62%
Magic:  2/2        EV: 10    Int: 11      God:    Xom [*.....]
Gold:   13         SH:  0    Dex: 11 (13) Spells: 1/1 levels left

rFire   . . .        a - +0 hand axe (chaos) {Citlalmina}
rCold   . . .        d - +0 dagger {Birgit}
rNeg    . . .        b - +2 leather armour
rPois   .            (no helmet)
rElec   .            (no cloak)
rCorr   .            (no gloves)
SInv    .            (no boots)
Will    .....        (amulet unavailable)
Stlth   +            (ring unavailable)
HPRegen 0.24/turn    (ring unavailable)
MPRegen 0.08/turn    (no gizmo)

%: no passive effects
@: revved
A: off-hand wielding, slow wielding, warmup strikes, no jewellery
a: Invent Gizmo, Renounce Religion


You were on level 1 of the Dungeon.
You worshipped Xom.
You were a special plaything of Xom.
You visited 1 branch of the dungeon, and saw 1 of its levels.

You collected 13 gold pieces.

Inventory:

Hand Weapons
 a - a +0 hand axe of chaos (weapon) {Citlalmina}
 d - a +0 dagger (offhand) {Birgit}
Armour
 b - a +2 leather armour (worn)
Scrolls
 c - a scroll of butterflies
 e - a scroll of fog {unknown}
Potions
 f - a potion of enlightenment {unknown}


   Skills:
 * Level 3.1 Fighting
 * Level 3.1(3.2) Axes
 * Level 0.4(1.8) Polearms
 * Level 1.8 Armour
 * Level 1.2 Dodging
 + Level 0.4 Stealth
 + Level 0.1 Spellcasting


You had one spell level left.
You didn't know any spells.
Your spell library was empty.

Dungeon Overview and Level Annotations

Branches:
Dungeon (1/15)

Altars:


Innate Abilities, Weirdness & Mutations

You can wield a second weapon in your off-hand.
It takes a long time for you to wield or remove held weapons.
Your first few attacks do less damage.
You cannot equip rings or amulets.


Message History

The quasit closely misses you.
You hit the quasit with your +0 dagger.
You kill the quasit!
The quasit disappears in a puff of smoke!
The bat hits you but does no damage. The bat barely misses you.
You hit the bat with your +0 hand axe of chaos.
You feel better.
You kill the bat!
You regained 3 hp, and now have 19/24 hp.
You hit the white imp but do no damage.
You barely miss the white imp with your +0 dagger.
The white imp closely misses you. The white imp hits you.
The white imp freezes you.
You take 6 damage, and have 13/24 hp.
MASSIVE DAMAGE!!
You closely miss the white imp with your +0 dagger.
You hit the white imp but do no damage. The white imp gestures at you.
The puff of frost hits you.
You take 3 damage, and have 10/24 hp.
You closely miss the white imp with your +0 hand axe of chaos.
You hit the white imp with your +0 dagger.
The white imp barely misses you.
You closely miss the white imp with your +0 dagger.
The white imp is lightly wounded.
You closely miss the white imp with your +0 hand axe of chaos.
The white imp barely misses you.
You barely miss the white imp with your +0 dagger.
The white imp is lightly wounded.
You hit the white imp with your +0 hand axe of chaos.
The white imp suddenly seems more resistant.
The white imp gestures at you. The puff of frost hits you!
* * * LOW HITPOINT WARNING * * *
You take 6 damage, and have 4/24 hp.
MASSIVE DAMAGE!!
You closely miss the white imp with your +0 dagger.
The white imp is heavily wounded.
You hit the white imp but do no damage.
The white imp is poisoned.
The white imp gestures at you. The puff of frost hits you!
You die...

#.##..... #.#......
#.#......
##........
##...#...†. ##
#######...###....
.#####. ..........#
###..
.......########.###
##.
.......5@.......#
#..
.################
#.. #.. #.. #.. ##.
## #


You could see a white imp (summoned, resistant, very poisoned).

Vanquished Creatures
  3 bats (D:1)
  An endoplasm (D:1)
  A giant cockroach (D:1)
  2 hobgoblins (D:1)
  3 jackals (D:1)
  A kobold (D:1)
  2 ball pythons (D:1)
  A frilled lizard (D:1)
14 creatures vanquished.

Notes
Turn   | Place    | Note
-------+----------+-------------------------------------------
     0 | D:1      | ezpacito the Coglin Chaos Knight began the quest for the
                  | Orb.
     0 | D:1      | Reached XP level 1. HP: 18/18 MP: 1/1
     0 | D:1      | XOM: silly message
    35 | D:1      | Reached skill level 1 in Dodging
    45 | D:1      | Reached XP level 2. HP: 24/24 MP: 2/2
   127 | D:1      | XOM: summons 2 hostile demons
   151 | D:1      | Killed from afar by a white imp

Illustrated notes

Levels and vault maps discovered:
D:1:      sevenhm_arrival_forest_fort_small_6, layout_rooms,
          grunt_decor_arrowhead, chequers_serial_rivers_small_3

Skill      XL: |  1 |
---------------+----+-----
Dodging        | 1 |  1.2
Fighting       | |  3.1
Axes           | |  3.1
Polearms       | |  0.4
Armour         | |  1.8
Stealth        | |  0.4
Spellcasting   | |  0.1

Action                     || total
---------------------------++-------
  Melee: Hand axe          ||    53
         Dagger            ||    50
 Armour: Leather armour    ||    67
  Dodge: Dodged            ||    67

Table legend: (Time is in decaauts)
 A = Elapsed time spent in this place.
 B = Non-inter-level travel time spent in this place.
 C = Inter-level travel time spent in this place.
 D = Time resting spent in this place.
 E = Time spent auto-exploring this place.
 F = Levels seen in this place.
 G = Mean time per level.
                   A        B        C        D        E       F      G
               +--------+--------+--------+--------+--------+-----+--------+
         Total |    156 |    156 |      0 |      0 |     61 |   1 |  156.0 |
       Dungeon |    156 |    156 |      0 |      0 |     61 |   1 |  156.0 |
               +--------+--------+--------+--------+--------+-----+--------+

Top non-repeatable levels by time:
     D:1: 156 daAuts
